 Dungeon Crawl Stone Soup version 0.24-a0-530-g18ba70b503 (webtiles) character file.

Game seed: 5071798207386115529

86 RedPan the Sneak (level 4, -6/21 HPs)
             Began as a Spriggan Enchanter on Aug 9, 2019.
             Killed from afar by an orc (10 damage)
             ... with an iceblast
             ... on level 4 of the Dungeon.
             The game lasted 00:04:20 (2345 turns).

RedPan the Sneak (Spriggan Enchanter)               Turns: 2345, Time: 00:04:20

Health: -6/21      AC:  3    Str:  4    XL:     4   Next: 27%
Magic:  10/10      EV: 18    Int: 17    God:
Gold:   65         SH:  0    Dex: 16    Spells: 1/10 levels left

rFire    . . .     SeeInvis +   a - +1 dagger
rCold    . . .     Gourm    .   (shield restricted)
rNeg     . . .     Faith    .   b - +0 robe
rPois    .         Spirit   .   (helmet restricted)
rElec    .         Reflect  .   h - +0 cloak
rCorr    .         Harm     .   (gloves unavailable)
MR       .....     Rnd*Tele +   (boots unavailable)
Stlth    +++.......             (no amulet)
HPRegen  0.07/turn              f - ring of teleportation (curse)
MPRegen  0.12/turn              (no ring)

@: very quick
A: very small, unfitting armour, see invisible, herbivore, speed 3, slow
metabolism 2
a: no special abilities


You were on level 4 of the Dungeon.
You were not hungry.

You visited 1 branch of the dungeon, and saw 3 of its levels.

You collected 65 gold pieces.

Inventory:

Hand Weapons
 a - a +1 dagger (weapon)
Armour
 b - a +0 robe (worn)
 h - a +0 cloak (worn)
Jewellery
 f - a cursed ring of teleportation (left hand)
Scrolls
 c - a scroll of teleportation
Potions
 e - a potion of might
 g - a potion of heal wounds
 i - a potion of mutation {unknown}
 j - a potion of flight {unknown}
Comestibles
 d - 3 rations


   Skills:
 - Level 1.1 Short Blades
 - Level 3.0 Dodging
 + Level 5.6 Stealth
 + Level 3.7 Spellcasting
 + Level 4.5 Hexes
 - Level 1.0 Ice Magic


You had one spell level left.
You knew the following spells:

 Your Spells              Type           Power        Failure   Level  Hunger
a - Corona                Hex            ###....      2%          1    None
b - Ensorcelled Hibernat  Hex/Ice        ##....       8%          2    ##.....
c - Confuse               Hex            ###.....     8%          3    ###....
d - Tukima's Dance        Hex            ###.....     8%          3    ###....

Your spell library contained the following spells:

 Spells                   Type           Power        Failure   Level  Hunger
 Dazzling Spray           Conj/Hex       ##....       19%         3    ###....


Dungeon Overview and Level Annotations

Branches:
Dungeon (2/15)

Altars:

Shops:
D:4 (


Innate Abilities, Weirdness & Mutations

You are very small and have problems with some larger weapons.
You are too small for most types of armour.
You have supernaturally acute eyesight. (SInv)
You are a herbivore.
You cover ground extremely quickly.
You need to consume almost no food.


Message History

Your Ice Magic skill increases to level 1!
You have reached level 4!
You start resting.
Magic restored.
You start resting.
You feel strangely unstable.
You are suddenly yanked towards a nearby monster!
Your surroundings suddenly seem different.
An orc comes into view. It is carrying a wand of iceblast (6).
The orc shouts!
You hear a shout!
You hear an angry hiss.
The orc zaps a wand.
The mass of ice explodes!
The iceblast engulfs you!
Ouch! That really hurt!
* * * LOW HITPOINT WARNING * * *
You hear a shout!
You hear a bark!
You hear an angry hiss.
A hound and an orc come into view.
The hound barks!
The orc zaps a wand.
The mass of ice explodes!
The iceblast engulfs you!
You die...

.. .. .. .# .#
.# # ####.#
#.#....#
#..@#..#
#...#.....
.....###..^...
##.o.. .....#
....#o .#...#
#..###o .###.#
##. #o .# .. .
h. ...$l...#
..!....


You could see a hound and 4 orcs.

Vanquished Creatures
  A hound (D:4)
  A worker ant (D:4)
  An ooze (D:4)
  A giant cockroach (D:1)
  5 goblins (D:1)
  4 hobgoblins
  3 jackals (D:1)
  2 kobolds (D:1)
  A quokka (D:4)
  5 bats (D:1)
  A frilled lizard (D:1)
  3 rats
28 creatures vanquished.

Notes
Turn   | Place    | Note
-------+----------+-------------------------------------------
     0 | D:1      | RedPan the Spriggan Enchanter began the quest for the Orb.
     0 | D:1      | Reached XP level 1. HP: 9/9 MP: 5/5
   427 | D:1      | Reached XP level 2. HP: 4/13 MP: 5/7
   693 | D:1      | Learned a level 2 spell: Ensorcelled Hibernation
  1141 | D:1      | Reached skill level 5 in Stealth
  2045 | D:2      | Reached XP level 3. HP: 16/16 MP: 8/8
  2064 | D:2      | You fall into a shaft and drop 2 floors!
  2139 | D:4      | Found Widyfet's Antique Weapon Shop.
  2256 | D:4      | Learned a level 3 spell: Confuse
  2260 | D:4      | Learned a level 3 spell: Tukima's Dance
  2273 | D:4      | Reached skill level 1 in Ice Magic
  2273 | D:4      | Reached XP level 4. HP: 14/21 MP: 7/10
  2345 | D:4      | Killed from afar by an orc

Levels and vault maps discovered:
D:1:      minmay_arrival_loop, layout_basic
D:2:      layout_basic, trog_butcher_becter
D:4:      layout_loops_ring, lightli_temple_of_fire, minmay_temple_entry_tees,
          serial_shops, shop, minmay_vboxes

Skill      XL: |  1  2  3 |
---------------+----------+-----
Spellcasting   | 3 |  3.7
Hexes          | 4 |  4.5
Stealth        | 5 |  5.6
Ice Magic      | 1 |  1.0
Short Blades   | |  1.1
Dodging        | |  3.0

Action                   |  1- 3 |  4- 6 || total
-------------------------+-------+-------++-------
Melee: Dagger            |   111 |       ||   111
 Cast: Corona            |     7 |       ||     7
       Ensorcelled Hiber |    10 |       ||    10
  Use: Scroll            |     3 |       ||     3
 Stab: Sleeping          |    13 |       ||    13
Armor: Robe              |     8 |       ||     8
Dodge: Dodged            |    83 |       ||    83

Table legend:
 A = Non-vault XP
 B = Vault XP
 C = Vault XP percentage of total XP
 D = Non-vault monster count
 E = Vault monster count
 F = Vault count percentage of total count
                 A         B        C        D         E       F
            +---------+---------+-------+---------+---------+-------
      Total |     124 |       0 |   0.0 |      28 |       0 |   0.0
            +---------+---------+-------+---------+---------+-------
        D:1 |      38 |       0 |   0.0 |      22 |       0 |   0.0
        D:2 |       3 |       0 |   0.0 |       2 |       0 |   0.0
        D:4 |      83 |       0 |   0.0 |       4 |       0 |   0.0
            +---------+---------+-------+---------+---------+-------
